 Dungeon Crawl Stone Soup version 0.19.1 (webtiles) character file.

306 JeffiDaFish the Shield-Bearer (level 6, -7/38 HPs)
             Began as a Gargoyle Fighter on Dec 2, 2016.
             Mangled by an orc warrior
             ... wielding a +0 battleaxe
              (14 damage)
             ... on level 4 of the Dungeon.
             The game lasted 00:07:19 (2579 turns).

JeffiDaFish the Shield-Bearer (Gargoyle Fighter)    Turns: 2579, Time: 00:07:20

Health: -7/38      AC: 13    Str: 20    XL:     6   Next: 39%
Magic:  7/7        EV:  8    Int:  8    God:
Gold:   96         SH: 11    Dex: 11    Spells: 1 memorised, 4 levels left

rFire  . . .     SeeInvis .     n - +3 flail (crush)
rCold  . . .     Gourm    .     b - +0 scale mail
rNeg   + + .     Faith    .     c - +0 shield
rPois  ∞         Spirit   .     e - +1 helmet
rElec  +         Reflect  +     (no cloak)
rCorr  +         Harm     .     (no gloves)
MR     .....                    (no boots)
Stlth  ..........               h - +2 amulet of reflection
                                m - ring of positive energy
                                j - ring of resist corrosion

@: no status effects
A: negative energy resistance 1, electricity resistance, unbreathing,
petrification resistance, rot immunity, AC +4
a: no special abilities


You were on level 4 of the Dungeon.
You were not hungry.

You visited 1 branch of the dungeon, and saw 4 of its levels.

You collected 96 gold pieces.

Inventory:

Hand Weapons
 n - a +3 flail of crushing (weapon)
Armour
 b - a +0 scale mail (worn)
 c - a +0 shield (worn)
 e - a +1 helmet (worn)
Jewellery
 h - a +2 amulet of reflection (around neck)
 j - a ring of resist corrosion (left hand)
 m - a ring of positive energy (right hand)
Books
 g - a book of Minor Magic

   Spells                             Type                      Level
   a - Magic Dart                     Conjuration                  1
   b - Blink                          Translocation                2
   c - Call Imp                       Summoning                    2
   d - Repel Missiles                 Charms/Air                   2
   e - Slow                           Hexes                        2
   f - Conjure Flame                  Conjuration/Fire             3
   g - Mephitic Cloud                 Conjuration/Poison/Air       3
 l - a book of Misfortune

   Spells                             Type                      Level
   a - Confusing Touch                Hexes                        1
   b - Confuse                        Hexes                        3
   c - Gell's Gravitas                Hexes/Translocation          3
   d - Petrify                        Transmutation/Earth          4
   e - Metabolic Englaciation         Hexes/Ice                    5
   f - Yara's Violent Unravelling     Hexes/Transmutation          5
Comestibles
 a - a chunk of flesh
 f - 3 bread rations
 i - a slice of pizza
 k - a beef jerky


   Skills:
 * Level 4.2 Fighting
 * Level 3.6 Maces & Flails
 * Level 4.3 Armour
 - Level 1.0 Dodging
 - Level 0.8 Stealth
 * Level 4.3 Shields
 + Level 1.0 Spellcasting
 + Level 0.7 Conjurations
 + Level 0.8 Air Magic
 + Level 0.6 Poison Magic


You had 4 spell levels left.
You knew the following spells:

 Your Spells              Type           Power        Failure   Level  Hunger
a - Mephitic Cloud        Conj/Pois/Air  #.......     100%        3    ####...


Dungeon Overview and Level Annotations

Branches:
Dungeon (4/15)
 Temple: D:4-7

Altars:
The Shining One


Innate Abilities, Weirdness & Mutations

You are resistant to torment.
Your stone body is resilient. (AC +4)
You are immune to poison.
You resist negative energy. (rN+)
You are resistant to electric shocks. (rElec)
You can survive without breathing.
You are immune to petrification.
You are immune to rotting.


Message History

You hit the orc warrior but do no damage.
The orc warrior is heavily wounded.
You block the orc warrior's attack. You block the orc's attack.
Your scale mail prevents you from hitting the orc warrior.
The orc warrior is heavily wounded.
You block the orc warrior's attack. You block the orc's attack.
You hit the orc warrior.
The orc warrior is heavily wounded.
The orc warrior barely misses you. You block the orc's attack.
You barely miss the orc warrior.
The orc warrior is heavily wounded.
The orc warrior barely misses you. The orc hits you but does no damage.
You barely miss the orc warrior.
The orc warrior is heavily wounded.
The orc warrior hits you but does no damage.
The orc hits you but does no damage.
Your shield and scale mail prevent you from hitting the orc warrior.
The orc warrior is heavily wounded.
The orc warrior hits you with a battleaxe!
You die...

##..#
###.........#
###
##.........#
#...........
##...........
#............
#............
#..........).
#...........
##.o@.......
#.o........
#..........
#..........
##.........
#.........
###.......
#######


You could see an orc warrior and an orc.

Vanquished Creatures
  A scorpion (D:4)
  An orc priest (D:4)
  A hound (D:3)
  Terence (D:3)
  An orc wizard (D:3)
  Robin (D:2)
  4 adders
  An ooze (D:2)
  3 worms (D:2)
  A dart slug (D:1)
  A leopard gecko (D:2)
  6 orcs
  7 bats
  16 goblins
  11 hobgoblins
  4 jackals (D:1)
  10 kobolds
  A quokka (D:3)
  4 frilled lizards
  6 rats
81 creatures vanquished.

Vanquished Creatures (others)
  An orc (D:3)
1 creature vanquished.

Grand Total: 82 creatures vanquished

Notes
Turn   | Place    | Note
-------+----------+-------------------------------------------
     0 | D:1      | JeffiDaFish the Gargoyle Fighter began the quest for the Orb.
     0 | D:1      | Reached XP level 1. HP: 14/14 MP: 1/1
   186 | D:1      | Reached XP level 2. HP: 18/19 MP: 2/2
   581 | D:1      | Reached XP level 3. HP: 23/23 MP: 3/3
   834 | D:2      | Reached skill level 1 in Dodging
  1020 | D:2      | Noticed Robin
  1022 | D:2      | Reached XP level 4. HP: 28/28 MP: 4/4
  1032 | D:2      | Killed Robin
  1464 | D:2      | Learned a level 3 spell: Mephitic Cloud
  1594 | D:3      | Reached XP level 5. HP: 17/33 MP: 5/5
  1604 | D:3      | HP: 1/33 [orc/flail (2)]
  2124 | D:3      | Noticed Terence
  2128 | D:3      | Killed Terence
  2251 | D:3      | Found a glowing golden altar of the Shining One.
  2515 | D:4      | Reached XP level 6. HP: 38/38 MP: 7/7
  2523 | D:4      | Reached skill level 1 in Spellcasting
  2559 | D:4      | Noticed an orc warrior
  2579 | D:4      | Mangled by an orc warrior

Skill      XL: |  1  2  3  4  5  6 |
---------------+-------------------+-----
Dodging        | 1 |  1.0
Maces & Flails | 3 |  3.6
Shields        | 4 |  4.3
Armour         | 4 |  4.3
Fighting       | 4 |  4.2
Spellcasting   | 1 |  1.0
Stealth        | |  0.8
Conjurations   | |  0.7
Air Magic      | |  0.8
Poison Magic   | |  0.6

Action                   |  1- 3 |  4- 6 || total
-------------------------+-------+-------++-------
Melee: Flail             |   153 |   145 ||   298
       Morningstar       |       |    32 ||    32
  Use: Potion            |     2 |     3 ||     5
       Scroll            |     1 |     2 ||     3
  Eat: Chunk             |     1 |     5 ||     6
Armor: Scale mail        |   122 |   142 ||   264
Dodge: Dodged            |    74 |    91 ||   165
Block: Shield            |   139 |   177 ||   316
       Reflection        |     1 |     7 ||     8
